 Dungeon Crawl Stone Soup version 0.28.0-53-g5a82cb258f (webtiles) character file.

Game seed: 15089659392245105335

53 raph the Magician (level 3, 0/20 HPs)
             Began as a Deep Elf Transmuter on June 17, 2022.
             Slain by a killer bee zombie (7 damage)
             ... on level 3 of the Dungeon.
             The game lasted 00:03:00 (3103 turns).

raph the Magician (Deep Elf Transmuter)             Turns: 3103, Time: 00:03:01

Health: 0/20       AC:  2    Str:  7    XL:     3   Next: 64%
Magic:  9/10       EV: 13    Int: 17    God:
Gold:   150        SH:  0    Dex: 17    Spells: 3/9 levels left

rFire   . . .      SeeInvis .     - Unarmed
rCold   + . .      Faith    .   (no shield)
rNeg    . . .      Spirit   .   a - +0 robe
rPois   .          Reflect  .   (helmet currently unavailable)
rElec   .          Harm     .   (no cloak)
rCorr   .          Rampage  .   (no gloves)
Will    .....                   (boots currently unavailable)
Stlth   ++........              (no amulet)
HPRegen 0.06/turn               g - ring of protection from cold
MPRegen 0.12/turn               (no ring)

@: appendages
A: horns 2, talons 2
a: End Transformation


You were on level 3 of the Dungeon.
You had temporarily grown beastly horns and talons.
You visited 1 branch of the dungeon, and saw 3 of its levels.

You collected 150 gold pieces.

Inventory:

Missiles
 c - 95 stones
 i - 3 silver boomerangs
Armour
 a - a +0 robe (worn)
 d - a +0 pair of boots (melded)
Jewellery
 g - a ring of protection from cold (left hand)
Scrolls
 j - a scroll of identify {unknown}
Potions
 b - a potion of haste {unknown}
 e - a potion of curing {unknown}
 f - a potion of heal wounds {unknown}
 h - a potion of resistance {unknown}


   Skills:
 + Level 1.4 Fighting
 + Level 3.0 Dodging
 + Level 2.7 Unarmed Combat
 + Level 3.5 Spellcasting
 + Level 2.7 Transmutations


You had 3 spell levels left.
You knew the following spells:

 Your Spells              Type           Power      Damage    Failure   Level
a - Beastly Appendage     Tmut           24%        N/A       5%          1
b - Wereblood             Tmut           12%        N/A       9%          2
c - Spider Form           Tmut/Pois      7%         N/A       28%         3

Your spell library contained the following spells:

 Spells                   Type           Power      Damage    Failure   Level
 Ice Form                 Ice/Tmut       7%         N/A       67%         4


Dungeon Overview and Level Annotations

Branches:
Dungeon (3/15)

Altars:

Annotations:
D:3 2 transporters, Manslay's ghost, novice OpCj


Innate Abilities, Weirdness & Mutations

You have temporarily grown beastly horns and talons.


Message History

Your +0 pair of boots unmelds from your body.
Your +0 robe unmelds from your body.
You start resting.
Magic restored.
You start resting.
HP restored.
There is a stone staircase leading down here.
You climb downwards.
Level annotation: 2 transporters, Manslay's ghost, novice OpCj
There is a stone staircase leading up here.
Manslay's ghost turns its malevolent gaze towards you.
You now have 141 gold pieces (gained 7).
You now have 150 gold pieces (gained 9).
You open the door.
There is an open door here.
There is an open door here.
Casting: Spider Form (potentially lethal; 28% risk of failure)
Confirm with . or Enter, or press ? or * to list all spells.
You grow a pair of large bovine horns.
Your feet morph into talons.
Your +0 pair of boots melds into your body.
The killer bee zombie hits you.
You closely miss the killer bee zombie. You claw the killer bee zombie.
The killer bee zombie is lightly damaged.
The killer bee zombie hits you.
The killer bee zombie barely misses you.
You hit the killer bee zombie.
Your headbutt misses the killer bee zombie.
The killer bee zombie is lightly damaged.
The killer bee zombie hits you.
You are too injured to fight recklessly!
You are too injured to fight recklessly!
You are too injured to fight recklessly!
You are too injured to fight recklessly!
You are too injured to fight recklessly!
You are too injured to fight recklessly!
You are too injured to fight recklessly!
You hit the killer bee zombie. You claw the killer bee zombie.
The killer bee zombie is moderately damaged.
The killer bee zombie hits you. The killer bee zombie hits you!
You die...

#...... #.......#
#...... +.......#
####### #.......#
#.......#
#.......#
#.......#
#...Z...# #### #@#
#...
#.#############.##
#.#...............
#.#.##########..#.
#.#.# #.#.. #.#.#
#.#.. #.#.# #.#..
#.#.# ##.#.. #.#.#
#.....


You could see a killer bee zombie.

Vanquished Creatures
  An adder (D:2)
  A dart slug (D:1)
  6 endoplasms
  3 giant cockroaches
  3 goblins (D:1)
  A hobgoblin (D:1)
  3 jackals (D:3)
  6 kobolds
  A quokka (D:3)
  5 ball pythons
  2 bats (D:1)
  3 frilled lizards
  4 rats
39 creatures vanquished.

Notes
Turn   | Place    | Note
-------+----------+-------------------------------------------
     0 | D:1      | raph the Deep Elf Transmuter began the quest for the Orb.
     0 | D:1      | Reached XP level 1. HP: 11/11 MP: 6/6
    29 | D:1      | Found a faded altar of an unknown god.
   354 | D:1      | Reached skill level 1 in Fighting
   409 | D:1      | Reached XP level 2. HP: 16/16 MP: 6/8
   438 | D:1      | Learned a level 2 spell: Wereblood
  1673 | D:2      | Reached XP level 3. HP: 20/20 MP: 7/9
  1677 | D:2      | Learned a level 3 spell: Spider Form
  2390 | D:3      | Noticed Manslay's ghost (novice OpCj)
  2392 | D:3      | Found a transporter.
  2392 | D:3      | Noticed an ogre
  2392 | D:3      | Noticed an ogre
  2512 | D:3      | Found a transporter.
  2828 | D:3      | Noticed a sky beast
  3103 | D:3      | Slain by a killer bee zombie

Illustrated notes

Levels and vault maps discovered:
D:1:      giann_horns, layout_basic, shapermc_ecumenical_altar_gd
D:2:      layout_basic
D:3:      layout_basic, gammafunk_ghost_smash

Skill      XL: |  1  2  3 |
---------------+----------+-----
Fighting       | 1 |  1.4
Dodging        | 3 |  3.0
Unarmed Combat | |  2.7
Spellcasting   | |  3.5
Transmutations | |  2.7

Action                   || total
-------------------------++-------
Melee: Unarmed           ||    98
       Kick              ||    21
       Headbutt          ||    11
       Punch             ||     3
 Cast: Beastly Appendage ||    26
       Wereblood         ||     1
       Spider Form       ||     5
 Stab: Sleeping          ||     5
Armor: Robe              ||    14
       Skin              ||     2
Dodge: Dodged            ||    69
